 Dungeon Crawl Stone Soup version 0.25-a0-804-g50c693f418 (webtiles) character file.

Game seed: 16386925889294777314, levelgen mode: deterministic

224 unvid the Digger (level 5, -2/35 HPs)
             Began as a Mummy Earth Elementalist on Apr 19, 2020.
             Slain by an iguana (8 damage)
             ... on level 4 of the Dungeon.
             The game lasted 00:05:38 (3766 turns).

unvid the Digger (Mummy Earth Elementalist)         Turns: 3766, Time: 00:05:39

Health: -2/35      AC:  4    Str: 11    XL:     5   Next: 67%
Magic:  3/9        EV: 11    Int: 15    God:
Gold:   69         SH:  0    Dex: 13    Spells: 0/10 levels left

rFire    x . .     SeeInvis .   a - +3 short sword (venom)
rCold    + . .     Gourm    .   (no shield)
rNeg     + + +     Faith    .   c - +0 leather armour
rPois    ∞         Spirit   .   (no helmet)
rElec    .         Reflect  .   h - +0 cloak
rCorr    .         Harm     .   (no gloves)
MR       .....                  (no boots)
Stlth    ++........             (no amulet)
HPRegen  0.11/turn              (no ring)
MPRegen  0.11/turn              (no ring)

@: very slightly contaminated
A: no food or potions, fire vulnerability, cold resistance 1, negative energy
resistance 3, torment resistance, unbreathing
a: no special abilities


You were on level 4 of the Dungeon.
You were not hungry.

You visited 1 branch of the dungeon, and saw 4 of its levels.

You collected 69 gold pieces.

Inventory:

Hand Weapons
 a - a +3 short sword of venom (weapon)
 b - a +0 vorpal quarterstaff
Missiles
 j - 85 stones (quivered)
Armour
 c - a +0 leather armour (worn)
 h - a +0 cloak (worn)
Scrolls
 d - 2 scrolls of teleportation {unknown}
 e - 2 scrolls of magic mapping {unknown}
 f - a scroll of identify {unknown}
 g - a scroll of enchant armour {unknown}
 i - a scroll of immolation {unknown}


   Skills:
 - Level 1.5 Dodging
 - Level 1.5 Stealth
 - Level 3.1 Spellcasting
 - Level 0.7 Transmutations
 * Level 5.2 Earth Magic


You couldn't memorise any spells.
You knew the following spells:

 Your Spells              Type           Power        Failure   Level  Hunger
a - Sandblast             Erth           ###...       3%          1    N/A
b - Passwall              Tmut/Erth      ##......     12%         2    N/A
c - Stone Arrow           Conj/Erth      ##....       26%         3    N/A
d - Petrify               Tmut/Erth      ##......     58%         4    N/A

Your spell library contained the following spells:

 Spells                   Type           Power        Failure   Level  Hunger
 Lee's Rapid Deconstruct  Erth           ###.......   63%         5    N/A

Dungeon Overview and Level Annotations

Branches:
Dungeon (4/15)
 Temple: D:4-7

Altars:
Sif Muna


Innate Abilities, Weirdness & Mutations

You do not eat or drink.
Your flesh is vulnerable to fire.
You are immune to poison.
Your flesh is cold resistant. (rC+)
You are immune to negative energy. (rN+++)
You are immune to unholy pain and torment.
You can survive without breathing.


Message History

The iguana is moderately wounded.
The iguana bites you but does no damage.
You closely miss the iguana.
The iguana is moderately wounded.
The iguana bites you!
You are too injured to fight recklessly!
You hit the iguana but do no damage.
The iguana is poisoned.
The iguana is moderately wounded.
The iguana bites you.
* * * LOW HITPOINT WARNING * * *
Casting: Sandblast (safe; 3% risk of failure)
Confirm with . or Enter, or press ? or * to list all spells.
Aiming: Sandblast (safe; 3% risk of failure)
Press: ? - help, Shift-Dir - straight line, f/p - iguana
Aim: an iguana (heavily wounded, very poisoned)
The blast of sand hits the iguana but does no damage.
The iguana is heavily wounded.
j - 85 stones The iguana bites you!
You die...

.. #. #..# ..#.#...
#.#.##.# #+##
#...##.# #...##
####..# #.##....(# #
#.....# #.#....(..
#.##.#...###.@l......
#....................
####.#...####$.......
#.##.## ##.......
#.#### #.....# #.#
#...## #.# #+## #.#
#######.# #.#
#.....#<#


You could see an iguana.

Vanquished Creatures
  A wyvern zombie (D:2)
  Jessica (D:3)
  6 gnolls
  3 adders
  2 oozes
  A worm (D:3)
  A dart slug (D:1)
  4 orcs (D:4)
  3 bats
  2 giant cockroaches
  2 goblins (D:3)
  4 hobgoblins
  5 quokkas
  2 ball pythons (D:1)
  2 frilled lizards (D:3)
  2 kobolds (D:3)
  4 rats
45 creatures vanquished.

Notes
Turn   | Place    | Note
-------+----------+-------------------------------------------
     0 | D:1      | unvid the Mummy Earth Elementalist began the quest for the
                  | Orb.
     0 | D:1      | Reached XP level 1. HP: 13/13 MP: 4/4
   295 | D:1      | Reached XP level 2. HP: 12/19 MP: 4/6
   807 | D:2      | Found a shimmering blue altar of Sif Muna.
   878 | D:2      | Found a faded altar of an unknown god.
   909 | D:2      | Reached skill level 3 in Earth Magic
  1166 | D:2      | Reached XP level 3. HP: 24/24 MP: 5/7
  1344 | D:2      | Reached skill level 4 in Earth Magic
  1344 | D:2      | Reached XP level 4. HP: 8/30 MP: 1/8
  2189 | D:2      | Learned a level 2 spell: Passwall
  2193 | D:2      | Learned a level 3 spell: Stone Arrow
  2494 | D:3      | Reached XP level 5. HP: 35/35 MP: 6/9
  2994 | D:3      | Noticed Jessica
  3000 | D:3      | Killed Jessica
  3000 | D:3      | Reached skill level 5 in Earth Magic
  3277 | D:3      | Learned a level 4 spell: Petrify
  3766 | D:4      | Slain by an iguana

Levels and vault maps discovered:
D:1:      dpeg_arrival_rooms_b, layout_loops_ring, minmay_tetromino_s2
D:2:      wad_woods_tower, layout_basic, lemuel_blue_sif_altar,
          chequers_ecumenical_altar_simple_redux
D:3:      layout_basic, uniq_jessica
D:4:      layout_loops_corners, minmay_temple_entry_proselytizer

Skill      XL: |  1  2  3  4  5 |
---------------+----------------+-----
Spellcasting   | 3 |  3.1
Earth Magic    | 3 4 5 |  5.2
Dodging        | |  1.5
Stealth        | |  1.5
Transmutations | |  0.7

Action                   |  1- 3 |  4- 6 || total
-------------------------+-------+-------++-------
Melee: Spear             |    55 |       ||    55
       Short sword       |       |    52 ||    52
Throw: Stone             |     1 |     3 ||     4
 Cast: Sandblast         |    18 |    37 ||    55
 Stab: Sleeping          |     5 |       ||     5
Armor: Robe              |    10 |       ||    10
       Leather armour    |       |    16 ||    16
Dodge: Dodged            |    37 |    33 ||    70

Table legend:
 A = Non-vault XP
 B = Vault XP
 C = Vault XP percentage of total XP
 D = Non-vault monster count
 E = Vault monster count
 F = Vault count percentage of total count
                 A         B        C        D         E       F
            +---------+---------+-------+---------+---------+-------
      Total |     245 |      76 |  23.7 |      36 |       9 |  20.0
            +---------+---------+-------+---------+---------+-------
        D:1 |      16 |       3 |  15.8 |       6 |       2 |  25.0
        D:2 |     117 |      36 |  23.5 |       7 |       6 |  46.2
        D:3 |     100 |      37 |  27.0 |      19 |       1 |   5.0
        D:4 |      12 |       0 |   0.0 |       4 |       0 |   0.0
            +---------+---------+-------+---------+---------+-------
